 Dungeon Crawl Stone Soup version 0.29.1-2-gbd0b4ee654 (webtiles) character file.

Game seed: 12644643288280122060

282 xian the Trooper (level 6, -3/48 HPs)
             Began as a Demonspawn Abyssal Knight on Nov 13, 2022.
             Was a Priest of Lugonu.
             Killed from afar by Ijyb (12 damage)
             ... with a puff of flame
             ... on level 4 of the Dungeon.
             The game lasted 00:11:31 (4333 turns).

xian the Trooper (Demonspawn Abyssal Knight)        Turns: 4333, Time: 00:11:31

Health: -3/48      AC:  6    Str: 15    XL:     6   Next: 6%
Magic:  7/7        EV: 11    Int: 11    God:    Lugonu [***...]
Gold:   240        SH:  4    Dex: 14    Spells: 5/5 levels left

rFire   . . .      SeeInvis .   t - +4 double sword (venom)
rCold   . . .      Faith    .   f - +0 buckler
rNeg    . . .      Spirit   .   b - +0 leather armour
rPois   .          Reflect  .   (helmet restricted)
rElec   .          Harm     .   k - +2 cloak {Will+}
rCorr   .          Rampage  .   (no gloves)
Will    +....                   (no boots)
Stlth   +.........              (no amulet)
HPRegen 0.16/turn               (no ring)
MPRegen 0.10/turn               (no ring)

@: no status effects
A: horns 1, condensation shield
a: Renounce Religion, Depart the Abyss, Bend Space, Banish


You were on level 4 of the Dungeon.
You worshipped Lugonu.
Lugonu was most pleased with you.
You visited 1 branch of the dungeon, and saw 4 of its levels.
You visited the Abyss 1 time.
You also visited: Sewer.

You collected 240 gold pieces.

Inventory:

Hand Weapons
 t - a +4 double sword of venom (weapon)
Missiles
 e - 6 atropa-tipped darts
 n - 2 javelins (quivered)
Armour
 b - a +0 leather armour (worn)
 f - a +0 buckler (worn)
 k - a +2 cloak of willpower (worn)
Scrolls
 a - a scroll of fear
 d - a scroll of identify
 h - a scroll of vulnerability {unknown}
 j - a scroll of enchant weapon
 l - a scroll of blinking
 p - 2 scrolls of noise
 q - a scroll of summoning
 r - 2 scrolls of poison
 s - a scroll of silence
Potions
 c - 2 potions of curing
 g - 2 potions of might
 i - a potion of mutation
 m - 2 potions of attraction
 o - a potion of heal wounds
 u - a potion of magic {unknown}


   Skills:
 + Level 3.8 Fighting
 + Level 2.6(3.0) Short Blades
 + Level 2.1(2.7) Long Blades
 + Level 2.9 Armour
 + Level 2.4 Dodging
 + Level 0.9 Stealth
 + Level 1.3 Shields
 + Level 2.4 Invocations


You had 5 spell levels left.
You didn't know any spells.
Your spell library contained the following spells:

 Spells                   Type           Power      Damage    Failure   Level
 Magic Dart               Conj           0%         1d3       52%         1
 Call Imp                 Summ           0%         N/A       65%         2
 Mephitic Cloud           Conj/Pois/Air  0%         N/A       87%         3
 Fireball                 Conj/Fire      0%         3d3       100%        5
 Iskenderun's Battlesphe  Conj           0%         2d6       100%        5
 Conjure Ball Lightning   Conj/Air       0%         3x3d6     100%        6
 Orb of Destruction       Conj           0%         9d5       100%        7


Dungeon Overview and Level Annotations

Branches:
Dungeon (4/15)              Sewer (visited)
 Temple: D:4-7

Altars:
Okawaru
Yredelemnul

Shops:
D:3 [

Annotations:
D:4 Ijyb


Innate Abilities, Weirdness & Mutations

You have a pair of small horns on your head.
A meltable shield of frost defends you. (SH +0)


Message History

You throw a javelin.
The javelin pierces through the dart slug but does no damage.
The dart slug launches a dart at you. The slug dart hits you.
* * * LOW HITPOINT WARNING * * *
Throw: 5 javelins
Press: ? - help, Q - select action, (/) - cycle Shift-Dir - straight line, f/p - dart slug
Aim: a dart slug (93% to hit)
Okay, then.
It was a potion of curing.
You feel better.
Throw: 5 javelins
Press: ? - help, Q - select action, (/) - cycle Shift-Dir - straight line, f/p - dart slug
Aim: a dart slug (93% to hit)
You throw a javelin.
The javelin pierces through the dart slug.
The dart slug is moderately wounded.
The dart slug launches a dart at you. The slug dart misses you.
Throw: 4 javelins
Press: ? - help, Q - select action, (/) - cycle Shift-Dir - straight line, f/p - dart slug
Aim: a dart slug (moderately wounded, 93% to hit)
You throw a javelin.
The javelin barely misses the dart slug.
Unknown command.
Throw: 3 javelins
Press: ? - help, Q - select action, (/) - cycle Shift-Dir - straight line, f/p - dart slug
Aim: a dart slug (moderately wounded, 93% to hit)
You throw a javelin.
The javelin pierces through the dart slug!
You kill the dart slug!
Lugonu accepts your kill.
You start resting.
An adder comes into view.
An adder is nearby!
Ijyb the Twisted Goblin comes into view.
She is wielding a +0 dagger and carrying a wand of flame (12).
Ijyb shouts!
Ijyb moves out of view.
The adder hisses angrily.
Ijyb zaps a wand.
The puff of flame hits you!
You die...

,,,,,*,,*,...#.#**##*##.....#....
,,*,,.,,**,..#..,* #.....##...
,***,#.,***...#.### ##.#....#...
,**,,#..***#..#...####..##...##..
,***,##[.*##.##.........#.....#..
,,**,#....#..###.#..##.###.......
,,*,,.......).##..<..### #.......
,,,,,,,,,,,#)....##.######..##.>#
,,,,,*,**,,#.)..@...........#.###
,,,,,,,*,*#...:....(...##.......#
,*,,*,,,<*##....#................
,,,,*,,,,,*#....###....#.#.......
,,,*,,,,,,.g...........##........
,*,**,,,,..............##..#.....
,,,,,,,,..S............##..##w...
**,,,,,,.......#.....[.รท..>......
**,,*,,,,,,,................#....


You could see Ijyb and an adder.

Vanquished Creatures
  Blork the orc (D:4)
  A hound (D:4)
  A hell rat (Sewer)
  Robin (D:3)
  3 adders
  A river rat (Sewer)
  An ufetubus (D:3)
  3 dart slugs
  An orc (D:3)
  6 ball pythons
  5 bats
  8 endoplasms
  9 giant cockroaches
  13 goblins
  12 hobgoblins
  3 jackals (D:3)
  2 quokkas (D:2)
  3 frilled lizards
  6 kobolds
  7 rats
87 creatures vanquished.

Notes
Turn   | Place    | Note
-------+----------+-------------------------------------------
     0 | Abyss:1  | xian the Demonspawn Abyssal Knight began the quest for the
                  | Orb.
     0 | Abyss:1  | Reached XP level 1. HP: 18/18 MP: 2/2
    89 | Abyss:4  | Noticed a tarantella
   102 | D:1      | Escaped the Abyss
   446 | D:1      | Reached skill level 1 in Dodging
   827 | D:1      | Gained mutation: You have a pair of small horns on your
                  | head. [demonic ancestry]
   827 | D:1      | Reached XP level 2. HP: 24/24 MP: 3/3
   927 | D:1      | Reached ** piety under Lugonu
   933 | D:1      | Found a faded altar of an unknown god.
  1544 | D:2      | Gained mutation: A meltable shield of frost defends you.
                  | (SH +0) [demonic ancestry]
  1544 | D:2      | Reached XP level 3. HP: 5/29 MP: 4/4
  2750 | D:3      | Found a basalt altar of Yredelemnul.
  2756 | D:3      | Found an iron altar of Okawaru.
  2778 | D:3      | Reached XP level 4. HP: 35/35 MP: 5/5
  3095 | D:3      | Identified 2 scrolls of acquirement
  3095 | D:3      | Acquired a +4 double sword of venom
  3097 | D:3      | Acquired a +2 cloak of willpower
  3280 | D:3      | Noticed Robin
  3284 | D:3      | Killed Robin
  3544 | D:3      | Found Guklog's Antique Armour Emporium.
  3913 | D:4      | Reached skill level 1 in Long Blades
  3913 | D:4      | Reached XP level 5. HP: 37/42 MP: 6/6
  3929 | D:4      | Reached skill level 1 in Shields
  4009 | D:4      | Found a glowing drain.
  4027 | D:4      | Reached *** piety under Lugonu
  4036 | Sewer    | Entered a sewer
  4306 | D:4      | Noticed Blork the orc
  4313 | D:4      | HP: 1/42 [Blork the orc/+0 glaive (17)]
  4317 | D:4      | Killed Blork the orc
  4318 | D:4      | Reached XP level 6. HP: 5/48 MP: 7/7
  4320 | D:4      | HP: 1/48 [dart slug/slug dart (5)]
  4331 | D:4      | Noticed Ijyb
  4333 | D:4      | Killed from afar by Ijyb

Illustrated notes

Levels and vault maps discovered:
D:1:      kilobyte_arrival_exit_the_forest, layout_basic,
          ebering_ecumenical_altar_abandoned, minmay_tall_x
D:2:      layout_loops_ring, minmay_vboxes
D:3:      layout_basic, mainiacjoe_overflow_catch_the_wave, serial_shops,
          nicolae_shop_behind_doors, minmay_box_of_dots, uniq_robin
D:4:      layout_cave_pools, gup_sewer_entry_glass, uniq_edmund,
          uniq_blork_the_orc, uniq_ijyb

Skill      XL: |  1  2  3  4  5 |
---------------+----------------+-----
Dodging        | 1 2 |  2.4
Armour         | 2 |  2.9
Short Blades   | 2 |  2.6
Long Blades    | 1 2 |  2.1
Shields        | 1 |  1.3
Fighting       | |  3.8
Stealth        | |  0.9
Invocations    | |  2.4

Action                   |  1- 3 |  4- 6 || total
-------------------------+-------+-------++-------
Melee: Short sword       |   167 |    28 ||   195
       Headbutt          |    14 |    19 ||    33
       Double sword      |       |    58 ||    58
Throw: Javelin           |       |     4 ||     4
Invok: Depart the Abyss  |     1 |       ||     1
  Use: Scroll            |       |    15 ||    15
       Potion            |       |     2 ||     2
 Stab: Sleeping          |     1 |     1 ||     2
Armor: Leather armour    |    66 |    33 ||    99
Dodge: Dodged            |   108 |    49 ||   157
Block: Buckler           |    48 |    40 ||    88
